 Dungeon Crawl Stone Soup version 0.27-a0-1084-g78b3836a5f (webtiles) character file.

Game seed: 5024206410135469112

23 voltaire321 the Vexing (level 3, -6/20 HPs)
             Began as a Kobold Arcane Marksman on Apr 27, 2021.
             Mangled by a killer bee (8 damage)
             ... on level 2 of the Dungeon.
             The game lasted 00:04:12 (926 turns).

voltaire321 the Vexing (Kobold Arcane Marksman)      Turns: 926, Time: 00:04:13

Health: -6/20      AC:  2    Str:  7    XL:     3   Next: 12%
Magic:  5/5        EV: 15    Int: 14    God:
Gold:   60         SH:  0    Dex: 16    Spells: 2/5 levels left

rFire    . . .     SeeInvis .   a - +0 hand crossbow
rCold    . . .     Faith    .   (shield restricted)
rNeg     . . .     Spirit   .   e - +0 robe
rPois    .         Reflect  .   (no helmet)
rElec    .         Harm     .   (no cloak)
rCorr    .         Rampage  .   (no gloves)
Will     .....                  (no boots)
Stlth    ++........             (no amulet)
HPRegen  0.06/turn              (no ring)
MPRegen  0.09/turn              (no ring)

@: no status effects
A: small, no large weapons, nightstalker 3
a: no special abilities


You were on level 2 of the Dungeon.
You visited 1 branch of the dungeon, and saw 2 of its levels.

You collected 60 gold pieces.

Inventory:

Hand Weapons
 a - a +0 hand crossbow (weapon)
Missiles
 d - 14 bolts (quivered ammo)
Armour
 e - a +0 robe (worn)
Scrolls
 b - a scroll of enchant weapon {unknown}
 c - a scroll of blinking {unknown}
 f - 2 scrolls of teleportation {unknown}
 h - a scroll of magic mapping {unknown}
 j - a scroll of identify {unknown}
Potions
 g - a potion of resistance {unknown}
 i - a potion of might {unknown}


   Skills:
 + Level 1.6 Fighting
 + Level 2.8 Crossbows
 + Level 2.8 Dodging
 + Level 1.5 Spellcasting
 + Level 3.2 Hexes


You had 2 spell levels left.
You knew the following spells:

 Your Spells              Type           Power      Damage    Failure   Level
a - Corona                Hex            11%        N/A       7%          1
b - Slow                  Hex            10%        N/A       10%         2

Your spell library contained the following spells:

 Spells                   Type           Power      Damage    Failure   Level
 Inner Flame              Hex/Fire       5%         N/A       36%         3
 Portal Projectile        Hex/Tloc       10%        N/A       36%         3
 Cause Fear               Hex            5%         N/A       54%         4
 Leda's Liquefaction      Hex/Erth       2%         N/A       77%         4


Dungeon Overview and Level Annotations

Branches:
Dungeon (2/15)

Altars:

Shops:
D:1 :


Innate Abilities, Weirdness & Mutations

You are small and have problems with some larger weapons.
You are completely attuned to the shadows.


Message History

j - a scroll labelled UVINUCAASA You enter the shallow water.
Moving in this stuff is going to be slow.
You now have 60 gold pieces (gained 12).
You enter the shallow water.
Moving in this stuff is going to be slow.
A frilled lizard comes into view.
Fire: 18 bolts
Press: ? - help, Q - select action, (/) - cycle Shift-Dir - straight line, f - frilled lizard
Aim: a frilled lizard (wandering, hasn't noticed you, 48% to hit)
You shoot a bolt.
The bolt closely misses the frilled lizard.
The frilled lizard hisses angrily.
You hear a bark!
Fire: 17 bolts
Press: ? - help, Q - select action, (/) - cycle Shift-Dir - straight line, f/p - frilled lizard
Aim: a frilled lizard (48% to hit)
You shoot a bolt. The bolt hits the frilled lizard.
You kill the frilled lizard!
You see here a frilled lizard corpse.
A ball python, a quokka and a killer bee come into view.
A goblin comes into view. It is wielding a +0 club.
You see here a bolt.
You see here a frilled lizard corpse.
The killer bee stings you!
Fire: 16 bolts
Press: ? - help, Q - select action, (/) - cycle Shift-Dir - straight line, f - killer bee
Aim: a killer bee (38% to hit)
You shoot a bolt. The bolt closely misses the killer bee.
The killer bee stings you. The killer bee misses you.
The killer bee stings you.
* * * LOW HITPOINT WARNING * * *
Fire: 15 bolts
Press: ? - help, Q - select action, (/) - cycle Shift-Dir - straight line, f/p - killer bee
Aim: a killer bee (38% to hit)
You shoot a bolt. The bolt hits the killer bee!
The killer bee is heavily wounded.
The killer bee barely misses you. The killer bee misses you.
The killer bee stings you!
You die...

PP≈≈♣≈PP.P###
.P≈P≈≈≈♣P≈P≈####
##≈.PP≈≈♣≈≈PPPP##
..#'#PPPP♣≈≈≈PPP#
.......PP♣≈♣♣≈PP#
......PPPP♣♣≈≈≈≈#
.....#PPP♣ ♣≈≈P≈#
<.....PP≈≈ ♣≈P≈.#######
.P.PPP≈♣≈≈≈PP≈P.@y..(..
PP≈≈≈≈≈♣≈≈...≈###†.....


P≈≈♣P≈PPP ### #.(.... P≈PPPPPP. ###≈.≈≈ ..#.##### g≈≈≈ #.#.# ≈≈Sg #.# # ≈≈≈r #.#
#.# You could see a killer bee and a goblin (wandering).

Vanquished Creatures
  3 ball pythons (D:1)
  A bat (D:1)
  3 endoplasms (D:1)
  2 giant cockroaches (D:1)
  A goblin (D:1)
  4 jackals (D:1)
  4 frilled lizards
  2 kobolds (D:1)
  A rat (D:1)
21 creatures vanquished.

Vanquished Creatures (others)
  13 plants (D:2)
13 creatures vanquished.

Grand Total: 34 creatures vanquished

Notes
Turn   | Place    | Note
-------+----------+-------------------------------------------
     0 | D:1      | voltaire321 the Kobold Arcane Marksman began the quest for
                  | the Orb.
     0 | D:1      | Reached XP level 1. HP: 12/12 MP: 2/2
   275 | D:1      | Reached XP level 2. HP: 16/16 MP: 3/3
   299 | D:1      | Found Lulitzan's Book Shoppe.
   493 | D:1      | Reached XP level 3. HP: 13/20 MP: 5/5
   695 | D:1      | Learned a level 2 spell: Slow
   922 | D:2      | Noticed a killer bee
   926 | D:2      | Mangled by a killer bee

Illustrated notes

Levels and vault maps discovered:
D:1:      minmay_arrival_wavy_path, layout_basic, serial_shops, shop,
          chequers_avenue
D:2:      layout_basic, chequers_ecumenical_altar_lobes, serial_bayou,
          serial_bayou_pond_e, serial_bayou_pond_c, serial_bayou_pond_d,
          serial_bayou_shore_a, serial_bayou_lagoon_a, basic_altar

Action                   || total
-------------------------++-------
 Fire: Hand crossbow     ||    49
Dodge: Dodged            ||    21

Table legend: (Time is in decaauts)
 A = Elapsed time spent in this place.
 B = Non-inter-level travel time spent in this place.
 C = Inter-level travel time spent in this place.
 D = Time resting spent in this place.
 E = Time spent auto-exploring this place.
 F = Levels seen in this place.
 G = Mean time per level.
                   A        B        C        D        E       F      G
               +--------+--------+--------+--------+--------+-----+--------+
         Total |    953 |    943 |     10 |    125 |    576 |   2 |  476.5 |
       Dungeon |    953 |    943 |     10 |    125 |    576 |   2 |  476.5 |
               +--------+--------+--------+--------+--------+-----+--------+

Top non-repeatable levels by time:
     D:1: 853 daAuts
     D:2: 99 daAuts
